 Dungeon Crawl Stone Soup version 0.30.1-9-gdf580d7c3d (webtiles) character file.

Game seed: 4975717103707608918

4 leafyfresh the Magician (level 1, -1/15 HPs)
             Began as a Djinni Ice Elementalist on Oct 15, 2023.
             Slain by a goblin
             ... wielding a +2 dagger of speed
              (5 damage)
             ... on level 1 of the Dungeon.
             The game lasted 00:00:21 (215 turns).

leafyfresh the Magician (Djinni Ice Elementalist)    Turns: 215, Time: 00:00:23

Health: -1/15      AC:  2    Str:  7    XL:     1   Next: 77%
Gold:   22         EV: 12    Int: 16    God:
                   SH:  0    Dex: 13

rFire   + + .        b - +0 spear
rCold   x . .        (no shield)
rNeg    . . .        a - +0 robe
rPois   ∞            (no helmet)
rElec   .            (no cloak)
rCorr   .            (no gloves)
SInv    .            (boots unavailable)
Will    .....        (no amulet)
Stlth   ++           (no ring)
HPRegen 0.22/turn    (no ring)
MPRegen 0.00/turn

%: infuse magic (-2 HP)
@: flying
A: sickness immunity, fire resistance 2, cold vulnerability 1, float, innate
caster, HP casting, extra vitality 1
a: no special abilities


You were on level 1 of the Dungeon.
You visited 1 branch of the dungeon, and saw 1 of its levels.

You collected 22 gold pieces.

Inventory:

Hand Weapons
 b - a +0 spear (weapon)
Armour
 a - a +0 robe (worn)
Scrolls
 d - a scroll of fog {unknown}
 e - a scroll of noise {unknown}
Potions
 c - a potion of mutation {unknown}


   Skills:
 - Level 2.1 Dodging
 - Level 1.5 Stealth
 + Level 3.4 Spellcasting


You knew the following spells:

 Your Spells              Type           Power      Damage    Failure   Level
a - Freeze                Ice            52%        1d6       4%          1
b - Frozen Ramparts       Ice            26%        1d4       13%         3
c - Ozocubu's Armour      Ice            13%        N/A       13%         3
d - Summon Ice Beast      Ice/Summ       13%        N/A       38%         4
Your spell library was empty.

Dungeon Overview and Level Annotations

Branches:
Dungeon (1/15)

Altars:


Innate Abilities, Weirdness & Mutations

You are immune to sickness and miasma.
You are immune to poison.
Your flesh is very heat resistant. (rF++)
You are vulnerable to cold. (rC-)
You float through the air rather than walking.
You learn spells naturally, not from books.
Your magical power is your life essence.
You have superior vitality. (+4 MHP)


Message History

You hit the goblin.
The goblin is moderately wounded.
The goblin misses you.
You barely miss the goblin.
The goblin is moderately wounded.
The goblin hits you with a +2 dagger of speed.
The goblin barely misses you.
A goblin is nearby!
You barely miss the goblin.
The goblin is moderately wounded.
The goblin misses you. The goblin barely misses you.
A goblin is nearby!
You miss the goblin.
The goblin is moderately wounded.
The goblin hits you with a +2 dagger of speed.
A giant cockroach comes into view.
There are monsters nearby!
You closely miss the goblin.
The goblin is moderately wounded.
The goblin misses you.
The goblin hits you with a +2 dagger of speed.
A goblin is nearby!
You closely miss the goblin.
The goblin is moderately wounded.
The goblin hits you with a +2 dagger of speed.
The goblin barely misses you.
Casting: Freeze (safe; 4% risk of failure)
Confirm with . or Enter, or press ? or * to list all spells.
You don't know that spell.
Sorry, you're not good enough to have a special ability.
Casting: Freeze (safe; 4% risk of failure)
Confirm with . or Enter, or press ? or * to list all spells.
Aiming: Freeze (safe; 4% risk of failure)
Press: ? - help, Shift-Dir - straight line, f/p - goblin
Aim: a goblin, wielding a +2 dagger of speed (moderately wounded)
You freeze the goblin.
The goblin is severely wounded.
* * * LOW HITPOINT WARNING * * *
The goblin hits you with a +2 dagger of speed.
You die...

.#...#
#.........#
....##
#...#######
..### #...#
### #...#
#...#
#...########.
#....#.......
#.......♣
####.#@♣#
#.#g♣ #...♣
##... #...
#####


You could see a goblin.

Vanquished Creatures
  An endoplasm (D:1)
  2 goblins (D:1)
  A rat (D:1)
4 creatures vanquished.

Notes
Turn   | Place    | Note
-------+----------+-------------------------------------------
     0 | D:1      | leafyfresh the Djinni Ice Elementalist began the quest for
                  | the Orb.
     0 | D:1      | leafyfresh set off with the following spells memorised:
                  | Freeze, Frozen Ramparts, Ozocubu's Armour, Summon Ice
                  | Beast.
     0 | D:1      | Reached XP level 1. HP: 15/15 MP: 0/0
   215 | D:1      | Slain by a goblin

Illustrated notes

Levels and vault maps discovered:
D:1:      co_arrival_hall_of_pillars, layout_basic, serial_curves,
          eino_curves_02, eino_curves_02, minmay_stone_trees_small

Action                     || total
---------------------------++-------
  Melee: Spear             ||    15
         Unarmed           ||     3
   Cast: Freeze            ||     3
 Armour: Robe              ||     1
  Dodge: Dodged            ||    10
